 Dungeon Crawl Stone Soup version 0.25-a0-41-g6cf4ce537d (webtiles) character file.

Game seed: 723843470248552901, levelgen mode: deterministic

7776 Alarkh the Grappler (level 11, 85/85 HPs)
             Began as a Demonspawn Fighter on Oct 21, 2019.
             Was a Follower of Uskayaw.
             Got out of the dungeon alive.
             The game lasted 00:12:55 (8514 turns).

Alarkh the Grappler (Demonspawn Fighter)            Turns: 8514, Time: 00:12:56

Health: 85/85      AC: 17    Str: 16    XL:     11   Next: 1%
Magic:  15/15      EV: 11    Int: 14    God:    Uskayaw [*.....]
Gold:   426        SH:  9    Dex: 12    Spells: 10/10 levels left

rFire    . . .     SeeInvis .     - Unarmed
rCold    + . .     Gourm    .   c - +0 shield
rNeg     . . .     Faith    .   d - +1 acid dragon scales
rPois    +         Spirit   .   C - +1 hat
rElec    .         Reflect  .   L - +1 cloak
rCorr    +         Harm     .   (no gloves)
MR       .....                  (no boots)
Stlth    +.........             (no amulet)
HPRegen  0.24/turn              z - ring of poison resistance
MPRegen  0.14/turn              J - +4 ring of protection

@: no status effects
A: claws 2, rugged brown scales 2, cold resistance 1, powered by death 2
a: Stomp, Renounce Religion


You escaped.
You worshipped Uskayaw.
Uskayaw was noncommittal.
You were not hungry.

You visited 2 branches of the dungeon, and saw 11 of its levels.
You also visited: Sewer.

You collected 654 gold pieces.
You spent 228 gold pieces at shops.

Inventory:

Hand Weapons
 a - a +1 long sword
 F - the +5 falchion "Atong" {slice, *Slow MR++}
   (You found it on level 7 of the Dungeon)

   It inflicts extra damage upon your enemies.
   It affects your resistance to hostile enchantments.
   It may slow you when you take damage.
Armour
 c - a +0 shield (worn)
 d - +1 acid dragon scales (worn)
 C - a +1 hat (worn)
 L - a +1 cloak (worn)
Magical Staves
 B - an uncursed staff of air {unknown}
Jewellery
 z - a ring of poison resistance (left claw)
 J - a +4 ring of protection (right claw)
Wands
 y - a wand of acid (10)
 E - a wand of digging (10)
 G - a wand of flame (48)
Scrolls
 g - a scroll of fear
 h - 2 scrolls of remove curse
 i - 2 scrolls of amnesia
 k - 4 scrolls of fog
 l - 6 scrolls of teleportation
 r - a scroll of identify
 s - a scroll of random uselessness
 t - a scroll of blinking
 u - 2 scrolls of enchant weapon
 w - 3 scrolls of enchant armour
 A - 2 scrolls of noise
 D - a scroll of magic mapping
 H - a scroll of vulnerability
Potions
 e - 4 potions of heal wounds
 j - 7 potions of curing
 m - 2 potions of flight
 o - 2 potions of brilliance
 p - 2 potions of agility
 q - 3 potions of degeneration
 v - a potion of cancellation
 x - a potion of resistance
 I - 2 potions of haste
Comestibles
 f - 23 rations


   Skills:
 + Level 5.8 Fighting
 - Level 4.2 Long Blades
 + Level 5.2 Armour
 + Level 4.2 Dodging
 + Level 5.2 Shields
 * Level 11.1 Unarmed Combat
 + Level 6.2 Invocations


You had 10 spell levels left.
You didn't know any spells.
Your spell library was empty.

Dungeon Overview and Level Annotations

Branches:
Dungeon (10/15)            Temple (1/1) D:7            Lair (0/6) D:8
    Orc (0/2) D:10          Sewer (visited)

Altars:
Ashenzari
Cheibriados
Dithmenos
Elyvilon
Fedhas
Gozag
Hepliaklqana
Kikubaaqudgha
Nemelex Xobeh
Okawaru
Qazlal
Ru
Trog
Uskayaw
Vehumet
Wu Jian
Xom
Yredelemnul
Zin
The Shining One

Shops:
D:8 !=!*

Annotations:
D:5 3 runed translucent doors, geeseburger's ghost, amateur GrFi; p0werm0de's ghost, novice OpGl


Innate Abilities, Weirdness & Mutations

You have very sharp fingernails.
You are mostly covered in rugged brown scales. (AC +2, +5% HP)
Your flesh is cold resistant. (rC+)
You regenerate health from kills.


Message History

Level annotation: 3 runed translucent doors, geeseburger's ghost, amateur GrFi; p0werm0de's ghost, novice OpGl
There is a stone staircase leading down here.
There is a stone staircase leading up here.
You climb upwards.
There is a stone staircase leading down here.
All of the chunks of flesh in your inventory have rotted away.
There is a stone staircase leading up here.
You climb upwards.
There is a stone staircase leading down here.
There is a stone staircase leading up here.
You climb upwards.
There is a stone staircase leading down here.
There is a stone staircase leading up here.
You climb upwards.
There is a stone staircase leading down here.
There is a staircase leading out of the dungeon, spattered with blood here.
Things that are here:
a +0 dagger; a +0 whip Are you sure you want to leave the Dungeon?
This will make you lose the game!
You have escaped!

#...#..#######.#########
#...#.
#...#..................#
######
#...#...##..#>#>##..##.#
#...#.......######.....#
#...#...##.## ##.##.#
#...#....### ###..#
#...#...##.## ##.##.#
#####.......######.....#
#.......##..##>#@#..##.#
#......................#
#........#####.#########
####......# ##(.......#
........#.###.........#
........#.##.).##.....#
........#.##....#.....##
........#.##....#.#(...#
....#.#.#..#....#.####.#


There were no monsters in sight!

Vanquished Creatures
  Erolcha (D:9)
  3 death yaks (D:8)
  Maurice (D:8)
  Psyche (D:10)
  3 hippogriffs
  4 yaks (D:8)
  2 hungry ghosts
  4 orc warriors
  A water moccasin (D:8)
  An ice beast (D:5)
  A sky beast (D:10)
  A black bear (D:8)
  A phantom (D:3)
  4 ogres
  A centaur (D:8)
  2 big kobolds
  3 bullfrogs
  4 scorpions
  A howler monkey (D:7)
  2 electric eels (D:9)
  4 wights (D:9)
  A jelly (D:7)
  A crimson imp (D:6)
  A centaur skeleton (D:8)
  2 bullfrog zombies
  4 hounds
  An orc priest (D:7)
  5 orc wizards
  Crazy Yiuf (D:5)
  4 bullfrog skeletons
  A gnoll shaman (D:7)
  2 iguanas
  Terence (D:2)
  5 worker ants
  A hound zombie (D:5)
  6 gnolls
  12 adders
  4 river rats (Sewer)
  3 shadow imps
  3 oozes
  5 worms
  10 leopard geckos
  26 orcs
  4 giant cockroaches
  4 hobgoblins
  4 jackals (D:2)
  3 quokkas
  9 ball pythons
  6 bats
  7 frilled lizards
  10 goblins
  A jackal skeleton (D:7)
  21 kobolds
  27 rats
240 creatures vanquished.

Vanquished Creatures (others)
  2 withered plants (D:5)
2 creatures vanquished.

Grand Total: 242 creatures vanquished

Notes
Turn   | Place    | Note
-------+----------+-------------------------------------------
     0 | D:1      | Alarkh the Demonspawn Fighter began the quest for the Orb.
     0 | D:1      | Reached XP level 1. HP: 18/18 MP: 1/1
    55 | D:1      | Gained mutation: You regenerate a little health from kills.
                  | [demonic ancestry]
    55 | D:1      | Reached XP level 2. HP: 19/24 MP: 2/2
   364 | D:1      | Gained mutation: You are partially covered in rugged brown
                  | scales. (AC +1, +3% HP) [demonic ancestry]
   364 | D:1      | Reached XP level 3. HP: 24/29 MP: 3/3
  1188 | D:2      | Gained mutation: You have sharp fingernails. [demonic
                  | ancestry]
  1188 | D:2      | Reached XP level 4. HP: 21/36 MP: 4/4
  1398 | D:2      | Found an iron altar of Okawaru.
  1660 | D:2      | Noticed Terence
  1687 | D:2      | Killed Terence
  1687 | D:2      | Reached skill level 1 in Unarmed Combat
  1881 | D:2      | Reached XP level 5. HP: 42/42 MP: 5/5
  1993 | D:2      | Reached skill level 2 in Unarmed Combat
  2068 | D:3      | Found a glowing drain.
  2095 | Sewer    | Entered a sewer
  2331 | Sewer    | Reached skill level 3 in Unarmed Combat
  2474 | Sewer    | Reached XP level 6. HP: 22/48 MP: 6/6
  2646 | Sewer    | Reached skill level 4 in Unarmed Combat
  3901 | D:4      | Reached skill level 5 in Unarmed Combat
  4253 | D:5      | Entered Level 5 of the Dungeon
  4313 | D:5      | Noticed an ice beast
  4325 | D:5      | Killed an ice beast
  4325 | D:5      | Gained mutation: You have very sharp fingernails. [demonic
                  | ancestry]
  4325 | D:5      | Reached XP level 7. HP: 33/53 MP: 7/7
  4691 | D:5      | Found a runed translucent door.
  4692 | D:5      | Noticed Crazy Yiuf
  4722 | D:5      | Found a runed translucent gate.
  4725 | D:5      | Found a runed translucent gate.
  4725 | D:5      | Found a runed translucent gate.
  4727 | D:5      | Noticed p0werm0de's ghost (novice OpGl)
  4727 | D:5      | Noticed geeseburger's ghost (amateur GrFi)
  5026 | D:5      | Killed Crazy Yiuf
  5026 | D:5      | Reached skill level 6 in Unarmed Combat
  5168 | D:6      | Reached skill level 7 in Unarmed Combat
  5372 | D:6      | Gained mutation: You regenerate health from kills. [demonic
                  | ancestry]
  5372 | D:6      | Reached XP level 8. HP: 52/59 MP: 8/8
  5678 | D:7      | Reached skill level 8 in Unarmed Combat
  5711 | D:7      | Found a staircase to the Ecumenical Temple.
  5822 | Temple   | Entered the Ecumenical Temple
  5892 | Temple   | Became a worshipper of Uskayaw the Reveler
  5940 | D:7      | Reached * piety under Uskayaw
  5952 | D:7      | Reached ** piety under Uskayaw
  5963 | D:7      | Reached *** piety under Uskayaw
  5964 | D:7      | Reached skill level 9 in Unarmed Combat
  5967 | D:7      | Reached **** piety under Uskayaw
  6066 | D:7      | Reached skill level 1 in Invocations
  6164 | D:7      | Got a bloodstained falchion
  6165 | D:7      | Identified the +5 falchion "Atong" {slice, *Slow MR++} (You
                  | found it on level 7 of the Dungeon)
  6276 | D:7      | Reached skill level 1 in Dodging
  6429 | D:7      | Noticed a hippogriff
  6436 | D:7      | Killed a hippogriff
  6436 | D:7      | Gained mutation: You are mostly covered in rugged brown
                  | scales. (AC +2, +5% HP) [demonic ancestry]
  6436 | D:7      | Reached XP level 9. HP: 48/67 MP: 10/10
  6632 | D:8      | Noticed Maurice
  6714 | D:8      | Killed Maurice
  6741 | D:8      | Found Gulumoh's Jewellery Shoppe.
  6857 | D:8      | Found Feteh's Distillery.
  6858 | D:8      | Found a bloodstained altar of Trog.
  6861 | D:8      | Bought a potion of haste for 130 gold pieces
  6861 | D:8      | Found a shadowy altar of Dithmenos.
  6877 | D:8      | Noticed a death yak
  6878 | D:8      | Noticed a death yak
  6879 | D:8      | Found a staircase to the Lair.
  6879 | D:8      | Noticed a death yak
  6889 | D:8      | Killed a death yak
  6889 | D:8      | Reached skill level 10 in Unarmed Combat
  6893 | D:8      | Reached ***** piety under Uskayaw
  6896 | D:8      | Killed a death yak
  6896 | D:8      | Reached XP level 10. HP: 46/76 MP: 11/13
  6901 | D:8      | Reached ****** piety under Uskayaw
  6906 | D:8      | Killed a death yak
  6906 | D:8      | Reached skill level 5 in Fighting
  6906 | D:8      | Reached skill level 5 in Invocations
  6960 | D:8      | Found a basalt altar of Yredelemnul.
  7159 | D:8      | Found Feonoabaxe's Distillery.
  7195 | D:8      | Found a shattered altar of Ashenzari.
  7236 | D:8      | Bought a potion of agility for 64 gold pieces
  7419 | D:8      | Found Yfetywk's Assorted Antiques.
  7427 | D:8      | Bought a scroll labeled EKLOACOB TENTOBOUPS for 34 gold
                  | pieces
  7458 | D:9      | Noticed Erolcha
  7568 | D:9      | Found a radiant altar of Vehumet.
  7727 | D:9      | Killed Erolcha
  7727 | D:9      | Reached skill level 5 in Armour
  7727 | D:9      | Reached skill level 5 in Shields
  8020 | D:10     | Entered Level 10 of the Dungeon
  8058 | D:10     | Reached skill level 11 in Unarmed Combat
  8169 | D:10     | Found a staircase to the Orcish Mines.
  8186 | D:10     | Noticed Psyche
  8205 | D:10     | Killed Psyche
  8232 | D:10     | Gained mutation: Your flesh is cold resistant. (rC+)
                  | [demonic ancestry]
  8232 | D:10     | Reached XP level 11. HP: 80/85 MP: 15/15
  8514 | D:$      | Got out of the dungeon alive.

Levels and vault maps discovered:
D:1:      onia_arrival_handbag, layout_basic, minmay_pentomino_q4
D:2:      minmay_inner_zag, layout_basic, okawaru_trees_2, minivault_23,
          uniq_terence
D:3:      layout_loops_ring, cheibrodos_sewer_entry_drain, minmay_circle_x
D:4:      layout_basic, kennysheep_small_square
D:5:      layout_basic, first_ration, gammafunk_ghost_cemetery,
          chequers_decorated_corner, uniq_crazy_yiuf_cottage
D:6:      layout_gridville
D:7:      layout_basic, minmay_temple_entry_arrows
D:8:      layout_gridville, gammafunk_temple_overflow_forgotten,
          dpeg_lair_monsters, serial_shops, kennysheep_little_box,
          shop_fountains, shop, shop, blue_anna_alchemist
          [blue_anna_fruit_fields, blue_anna_fruit_fields],
          yredelemnul_altar_generic, uniq_maurice
D:9:      layout_basic, lightli_temple_of_fire, old_standard_altar,
          vehumet_altar_wand_db, uniq_erolcha
D:10:     layout_long_grid, orc_0_dummy, gammafunk_ghost_grave, st_stairs_1,
          uniq_gastronok, uniq_psyche
Temple:   eino_wide_crystal_templ

Skill      XL: |  1  2  3  4  5  6  7  8  9 10 |
---------------+-------------------------------+-----
Long Blades    | 2 3 4 |  4.2
Unarmed Combat | 1 3 5 7 9 10 11 | 11.1
Invocations    | 1 4 6 |  6.2
Dodging        | 1 3 4 |  4.2
Armour         | 3 4 5 |  5.2
Shields        | 3 4 5 |  5.2
Fighting       | 4 5 |  5.8

Action                   |  1- 3 |  4- 6 |  7- 9 | 10-12 || total
-------------------------+-------+-------+-------+-------++-------
Melee: Long sword        |   139 |   436 |       |       ||   575
       Unarmed           |       |       |   242 |   183 ||   425
  Use: Scroll            |     1 |       |     7 |     6 ||    14
       Potion            |     1 |     6 |    11 |       ||    18
 Stab: Paralysed         |       |       |     7 |     6 ||    13
  Eat: Chunk             |     1 |    11 |     9 |     4 ||    25
       Ration            |       |       |     1 |     1 ||     2
Armor: Scale mail        |    61 |   257 |    78 |    14 ||   410
       Skin              |       |    55 |       |       ||    55
       Acid dragon scale |       |       |       |    68 ||    68
Dodge: Dodged            |    37 |   134 |    59 |    56 ||   286
Block: Shield            |    82 |   261 |    95 |    66 ||   504
       Rpst.: Long sword |    21 |    44 |       |       ||    65

Table legend:
 A = Non-vault XP
 B = Vault XP
 C = Vault XP percentage of total XP
 D = Non-vault monster count
 E = Vault monster count
 F = Vault count percentage of total count
                 A         B        C        D         E       F
            +---------+---------+-------+---------+---------+-------
      Total |    5262 |    5847 |  52.6 |     154 |      86 |  35.8
            +---------+---------+-------+---------+---------+-------
        D:1 |      23 |      22 |  48.9 |      16 |       7 |  30.4
        D:2 |     111 |      58 |  34.3 |      21 |       7 |  25.0
        D:3 |      20 |     153 |  88.4 |      10 |      10 |  50.0
        D:4 |      69 |       0 |   0.0 |       3 |       0 |   0.0
        D:5 |     244 |      39 |  13.8 |       9 |       1 |  10.0
        D:6 |     589 |       0 |   0.0 |      11 |       0 |   0.0
        D:7 |    1480 |       0 |   0.0 |      30 |       0 |   0.0
        D:8 |    1250 |    3936 |  75.9 |      28 |       9 |  24.3
        D:9 |     585 |     976 |  62.5 |       9 |       2 |  18.2
       D:10 |     891 |     452 |  33.7 |      17 |       2 |  10.5
      Sewer |       0 |     211 | 100.0 |       0 |      48 | 100.0
            +---------+---------+-------+---------+---------+-------
